Map: Terraform LE (Void)

Players

TgfB - Winner!

  • Race: Protoss Protoss
  • League: Diamond

Matiz

  • Race: Zerg Zerg
  • League: Master

Event: Lycan League Weekly August #2

VOD

Have the link to the VOD?

Description

Time

  • Played on: Aug. 10, 2015, 1 p.m.
  • Length: 9:53

All games in this series

Show
View Real Time Build Order
Export as new Build Order

TgfB Protoss - Winner!

Build Orders: 1 Gate Expand 

Get SALT Encoding   

  12  0:02  Probe  
  13  0:14  Pylon  
  13  0:18  Probe  
  14  0:32  Probe (Chrono Boost)  
  14  0:35  Gateway  
  16  0:43  Probe (Chrono Boost)  
  16  0:50  Probe (Chrono Boost)  
  17  1:01  Probe  
  18  1:14  Nexus  
  18  1:23  Probe  
  18  1:24  Assimilator  
  19  1:35  Probe, Pylon  
  20  1:44  Cybernetics Core  
  20  1:47  Probe  
  20  1:51  Assimilator  
  21  1:59  Probe  
  22  2:11  Probe (Chrono Boost)  
  24  2:23  Probe (Chrono Boost)  
  24  2:25  Warp Gate (Chrono Boost)  
  24  2:28  Gateway, Probe (Chrono Boost)  
  25  2:30  Gateway  
  25  2:34  Probe (Chrono Boost)  
  26  2:40  Mothership Core (Chrono Boost)  
  26  2:43  Adept (Chrono Boost)  
  30  2:50  Probe (Chrono Boost)  
  31  2:54  Probe  
  31  3:03  Pylon  
  32  3:06  Sentry  
  32  3:07  Probe (Chrono Boost)  
  32  3:11  Probe (Chrono Boost)  
  37  3:20  Probe (Chrono Boost)  
  37  3:22  Probe (Chrono Boost)  
  37  3:23  Twilight Council  
  38  3:28  Probe (Chrono Boost)  
  38  3:30  Adept  
  38  3:31  Probe (Chrono Boost)  
  38  3:33  Adept  
  38  3:34  Probe (Chrono Boost)  
  44  3:37  Adept  
  46  3:44  Pylon  
  46  3:45  Probe  
  46  3:47  Probe  
  48  3:55  Assimilator  
  48  3:57  Probe  
  48  4:02  Blink (Chrono Boost)  
  49  4:08  Probe  
  50  4:17  Probe  
  50  4:20  Probe  
  52  4:24  Stalker  
  52  4:25  Stalker  
  52  4:29  Probe  
  57  4:32  Probe  
  57  4:34  Stalker, Pylon  
  57  4:38  Pylon  
  60  4:42  Gateway  
  60  4:43  Gateway  
  58  4:49  Stalker x2  
  56  5:01  Gateway  
  56  5:03  Gateway  
  56  5:05  Gateway  
  56  5:13  Adept x2  
  56  5:14  Adept  
  62  5:23  Assimilator  
  62  5:32  Adept x3  
  68  5:42  Pylon  
  68  5:44  Sentry  
  70  5:52  Gateway  
  70  5:54  Stalker, Adept x2  
  76  6:01  Adept x3  
  82  6:08  Pylon  
  82  6:11  Pylon x2  
  82  6:16  Shield Upgrade (Chrono Boost)  
  82  6:18  Pylon  
  82  6:19  Stalker  
  84  6:28  Pylon  
  84  6:37  Sentry x3, Stalker x2  
  94  6:40  Adept x2  
  96  6:58  Stalker x2  
  100  7:02  Stalker  
  100  7:04  Stalker  
  100  7:06  Zealot x2  
  100  7:07  Zealot  
  110  7:13  Stalker  
  110  7:15  Pylon  
  112  7:22  Zealot x2  
  108  7:27  Adept  
  108  7:28  Adept  
  108  7:33  Stalker  
  100  7:41  Sentry  
  100  7:42  Stalker  
  94  7:52  Stalker  
  94  7:53  Stalker, Zealot x2  
  96  8:07  Stalker x2, Zealot x2  
  102  8:15  Stalker  
  95  8:20  Adept x2  
  95  8:26  Adept  
  97  8:33  Stalker  
  97  8:34  Stalker  
  101  8:36  Adept  
  103  8:48  Stalker, Adept x2  
  105  8:59  Adept x2  
  105  9:08  Stalker x2  
  101  9:20  Stalker x2  
  95  9:37  Stalker x3  
Show
View Real Time Build Order
Export as new Build Order

Matiz Zerg 

Build Orders: Pool First 

Get SALT Encoding   

  12  0:01  Drone  
  13  0:13  Overlord  
  13  0:17  Drone  
  14  0:23  Drone, Extractor  
  15  0:33  Drone  
  16  0:36  Drone  
  17  0:47  Spawning Pool  
  16  0:50  Drone  
  17  0:57  Drone  
  17  1:01  Extractor  
  17  1:07  Drone  
  18  1:18  Drone  
  19  1:23  Hatchery  
  18  1:31  Drone  
  19  1:37  Queen  
  21  1:44  Overlord  
  21  1:57  Zergling x2  
  21  2:01  Metabolic Boost  
  22  2:04  Drone  
  23  2:11  Drone  
  23  2:12  Queen  
  26  2:23  Drone  
  27  2:33  Drone  
  28  2:40  Drone  
  29  2:45  Drone  
  29  2:46  Drone x4  
  34  2:52  Hatchery  
  34  2:56  Drone  
  34  2:58  Drone  
  34  3:03  Drone  
  35  3:07  Overlord  
  35  3:08  Overlord  
  35  3:28  Drone x2  
  35  3:29  Drone x8  
  45  3:36  Roach Warren  
  45  3:39  Zergling x2  
  45  3:46  Zergling x2  
  46  3:52  Zergling x6  
  49  4:02  Overlord x2  
  49  4:07  Overlord  
  49  4:09  Queen  
  51  4:10  Drone, Overlord  
  51  4:12  Zergling x4  
  54  4:18  Lair, Extractor  
  54  4:19  Zergling x2  
  54  4:23  Overlord  
  54  4:25  Roach  
  54  4:26  Overlord  
  54  4:30  Roach  
  58  4:34  Zergling x2  
  58  4:35  Zergling x8  
  63  4:44  Drone x4  
  65  4:48  Drone x3  
  68  4:59  Drone  
  69  5:00  Drone x3  
  69  5:01  Drone, Overlord x2  
  69  5:04  Burrow  
  69  5:05  Roach  
  75  5:13  Overlord  
  75  5:14  Drone  
  75  5:19  Evolution Chamber  
  75  5:20  Extractor  
  74  5:23  Glial Reconstitution  
  74  5:24  Overlord  
  74  5:26  Drone x2  
  74  5:27  Roach, Extractor  
  77  5:29  Overlord  
  77  5:32  Drone x4  
  77  5:34  Overseer  
  81  5:37  Overlord  
  81  5:39  Roach  
  83  5:55  Zerg Missile Weapons Level 1, Overlord  
  83  5:59  Drone, Extractor  
  83  6:00  Overlord  
  83  6:01  Roach x3  
  89  6:08  Overlord  
  89  6:11  Drone x4  
  93  6:13  Roach x4  
  93  6:14  Roach x2  
  93  6:16  Roach  
  106  6:24  Roach x3  
  112  6:29  Spine Crawler x2, Roach  
  112  6:30  Roach x3  
  118  6:35  Roach x2  
  122  6:40  Overlord  
  122  6:42  Roach x3  
  122  6:43  Roach x2  
  132  6:47  Roach x2  
  131  6:57  Overlord, Tunneling Claws  
  131  7:04  Roach x3  
  135  7:09  Roach x26  
  135  7:10  Roach  
  143  7:22  Roach x6  
  135  7:30  Roach x5  
  127  7:37  Roach x3  
  127  7:38  Roach  
  123  7:46  Roach x4  
  115  7:55  Roach x3  
  115  7:56  Roach x16  
  112  8:05  Roach x2  
  112  8:06  Roach  
  103  8:13  Roach x2  
  103  8:16  Roach x7  
  99  8:22  Roach  
  99  8:23  Roach x8  
  103  8:28  Roach x15  
  103  8:31  Roach  
  103  8:36  Roach x2  
  103  8:39  Roach x13  
  107  8:44  Roach  
  107  8:48  Roach x19  
  105  8:53  Roach  
  98  9:00  Roach  
  98  9:01  Roach x7  
  105  9:09  Roach  
  82  9:17  Roach x2  
  82  9:21  Roach x7  
  80  9:31  Roach  

Tags
 
Add a new tag
Caveats
  • Supply blocks, unpowered buildings, or Contaminate may cause inaccurate times.
  • Supply counts are checked every 10 seconds.